BSA
SPRINGFIELD STARS @ KANSAS CITY KINGS
08/11/2027
 
TOP OF THE 1ST
Springfield Stars batting - Pitching for Kansas City Kings : LHP Francisco Morales
Pitching: LHP Francisco Morales
Batting: RHB Norberto Taváres 0-0: Ball
1-0: Foul Ball, location: 2F
1-1: Ball
2-1: Foul Ball, location: 2F
2-2: Ball
3-2: TRIPLE (Line Drive, 9LM)
Batting: RHB Calvin Bennett 0-0: Swinging Strike
0-1: Ball
1-1: DOUBLE (Flyball, 78D)
Norberto Taváres scores
Batting: LHB Derek Davidson 0-0: Called Strike
0-1: Ball
1-1: Called Strike
1-2: Foul Ball, location: 2F
1-2: Ball
2-2: Foul Ball, location: 2F
2-2: Strikes out swinging
Batting: LHB Felipe Guerrero 0-0: Ball
1-0: Foul Ball, location: 2F
1-1: Called Strike
1-2: Foul Ball, location: 2F
1-2: Ball
2-2: Fly out, F7 (Flyball, 78D)
Batting: LHB Elliott Newell 0-0: Foul Ball, location: 2F
0-1: Ground out 6-3 (Groundball, 6M)
Top of the 1st over - 1 run(s), 2 hit(s), 0 error(s), 1 left on base; Springfield 1 - Kansas City 0
BOTTOM OF THE 1ST
Kansas City Kings batting - Pitching for Springfield Stars : LHP Brock Morris
Pitching: LHP Brock Morris
Batting: LHB Bruno Lalonde 0-0: Called Strike
0-1: Ball
1-1: Ground out 3-1 (Groundball, 34)
Batting: LHB Ray Spencer 0-0: Ground out 4-3 (Groundball, 4)
Batting: RHB Toshimichi Kono 0-0: Called Strike
0-1: Ball
1-1: Called Strike
1-2: Ball
2-2: Ball
3-2: Foul Ball, location: 2F
3-2: Foul Ball, location: 2F
3-2: SINGLE (Groundball, 56D)
Batting: RHB Chris Chandler 0-0: Called Strike
0-1: Foul Ball, location: 2F
0-2: Ball
1-2: Foul Ball, location: 2F
1-2: DOUBLE (Flyball, 7D)
Toshimichi Kono to third
Batting: LHB Luis González 0-0: Fly out, F8 (Flyball, 78M)
Bottom of the 1st over - 0 run(s), 2 hit(s), 0 error(s), 2 left on base; Springfield 1 - Kansas City 0
TOP OF THE 2ND
Springfield Stars batting - Pitching for Kansas City Kings : LHP Francisco Morales
Batting: SHB Shane Hutchinson 0-0: Ball
1-0: Ball
2-0: Foul Ball, location: 2F
2-1: Ball
3-1: Fly out, F8 (Flyball, 8LD)
Batting: RHB Juan Carlos Rodríguez 0-0: Ball
1-0: Fly out, F8 (Line Drive, 78D)
Batting: LHB Ryan Drake 0-0: Ball
1-0: Called Strike
1-1: Foul Ball, location: 2F
1-2: Foul Ball, location: 2F
1-2: Ball
2-2: Ground out 6-3 (Groundball, 6)
Top of the 2nd over - 0 run(s), 0 hit(s), 0 error(s), 0 left on base; Springfield 1 - Kansas City 0
BOTTOM OF THE 2ND
Kansas City Kings batting - Pitching for Springfield Stars : LHP Brock Morris
Batting: RHB Dave Parker 0-0: Foul Ball, location: 2F
0-1: Called Strike
0-2: Ball
1-2: Strikes out swinging
Batting: SHB Douglas Taylor 0-0: Swinging Strike
0-1: Foul Ball, location: 2F
0-2: Ball
1-2: Foul Ball, location: 2F
1-2: Foul Ball, location: 2F
1-2: Strikes out swinging
Batting: LHB Howard Lambert 0-0: Swinging Strike
0-1: Foul Ball, location: 2F
0-2: Ball
1-2: Ball
2-2: Fly out, F8 (Flyball, 8RM)
Bottom of the 2nd over - 0 run(s), 0 hit(s), 0 error(s), 0 left on base; Springfield 1 - Kansas City 0
TOP OF THE 3RD
Springfield Stars batting - Pitching for Kansas City Kings : LHP Francisco Morales
Batting: LHB Jesús Tobías 0-0: Ball
1-0: SINGLE (Line Drive, 89S)
Batting: RHB Norberto Taváres 0-0: Ball
1-0: Ground out 6-3 (Groundball, 6)
Jesús Tobías to second
Batting: RHB Calvin Bennett 0-0: Called Strike
0-1: Foul Ball, location: 2F
0-2: Ball
1-2: Foul Ball, location: 2F
1-2: Ball
2-2: Ball
3-2: Base on Balls
Batting: LHB Derek Davidson 0-0: Ball
1-0: Ball
2-0: Ball
Jesús Tobías is caught stealing 3rd base
Calvin Bennett to second
3-0: Called Strike
3-1: Foul Ball, location: 2F
3-2: Foul Ball, location: 2F
3-2: Base on Balls
Batting: LHB Felipe Guerrero 0-0: Foul Ball, location: 2F
0-1: Foul Ball, location: 2F
0-2: Foul Ball, location: 2F
0-2: Ball
1-2: SINGLE (Flyball, 7LS)
Calvin Bennett to third
Derek Davidson to second
Runner from 3rd tries for Home, SAFE, no throw
Batting: LHB Elliott Newell 0-0: Ball
1-0: Called Strike
1-1: Foul Ball, location: 2F
1-2: Ball
2-2: Strikes out looking
Top of the 3rd over - 1 run(s), 2 hit(s), 0 error(s), 2 left on base; Springfield 2 - Kansas City 0
BOTTOM OF THE 3RD
Kansas City Kings batting - Pitching for Springfield Stars : LHP Brock Morris
Batting: RHB Ronald Parsons 0-0: Fly out, F7 (Flyball, 7LS)
Batting: LHB Bruno Lalonde 0-0: Called Strike
0-1: Ball
1-1: Called Strike
1-2: Ball
2-2: Ground out 6-3 (Groundball, 6)
Batting: LHB Ray Spencer 0-0: Foul Ball, location: 2F
0-1: Ball
1-1: Foul Ball, location: 2F
1-2: Strikes out swinging
Bottom of the 3rd over - 0 run(s), 0 hit(s), 0 error(s), 0 left on base; Springfield 2 - Kansas City 0
TOP OF THE 4TH
Springfield Stars batting - Pitching for Kansas City Kings : LHP Francisco Morales
Batting: SHB Shane Hutchinson 0-0: Called Strike
0-1: Foul Ball, location: 2F
0-2: Ball
1-2: Ball
2-2: Ball
3-2: Fly out, F8 (Flyball, 8LD)
Batting: RHB Juan Carlos Rodríguez 0-0: Ball
1-0: Called Strike
1-1: Foul Ball, location: 2F
1-2: Ball
2-2: Ball
3-2: Foul Ball, location: 2F
3-2: Foul Ball, location: 2F
3-2: Foul Ball, location: 2F
3-2: Fly out, F7 (Flyball, 7LM)
Batting: LHB Ryan Drake 0-0: Fly out, F6 (Line Drive, 6)
Top of the 4th over - 0 run(s), 0 hit(s), 0 error(s), 0 left on base; Springfield 2 - Kansas City 0
BOTTOM OF THE 4TH
Kansas City Kings batting - Pitching for Springfield Stars : LHP Brock Morris
Batting: RHB Toshimichi Kono 0-0: Ball
1-0: Swinging Strike
1-1: Called Strike
1-2: Strikes out swinging
Batting: RHB Chris Chandler 0-0: Called Strike
0-1: Ball
1-1: Foul Ball, location: 2F
1-2: Ball
2-2: Foul Ball, location: 2F
2-2: Foul Ball, location: 2F
2-2: Foul Ball, location: 2F
2-2: SINGLE (Line Drive, 7LS)
Batting: LHB Luis González 0-0: Called Strike
0-1: Ball
1-1: Foul Ball, location: 2F
1-2: Strikes out looking
Chris Chandler steals 2nd base
Batter strikes out.
Batting: RHB Dave Parker 0-0: Ball
1-0: Foul Ball, location: 2F
1-1: Foul Ball, location: 2F
1-2: Ball
2-2: SINGLE (Line Drive, 4M)
Chris Chandler to third
Runner from 3rd tries for Home, SAFE, no throw
Batting: SHB Douglas Taylor 0-0: Ball
1-0: Called Strike
1-1: Ball
2-1: SINGLE (Popup, 56)
Dave Parker to second
Batting: LHB Howard Lambert 0-0: Ball
1-0: Ball
2-0: Ball
3-0: Base on Balls
Dave Parker to third
Douglas Taylor to second
Batting: RHB Ronald Parsons 0-0: Ground out 3-1 (Groundball, 34S)
Bottom of the 4th over - 1 run(s), 3 hit(s), 0 error(s), 3 left on base; Springfield 2 - Kansas City 1
TOP OF THE 5TH
Springfield Stars batting - Pitching for Kansas City Kings : LHP Francisco Morales
Batting: LHB Jesús Tobías 0-0: Swinging Strike
0-1: Foul Ball, location: 2F
0-2: Strikes out swinging
Batting: RHB Norberto Taváres 0-0: Foul Ball, location: 2F
0-1: Ball
1-1: Foul Ball, location: 2F
1-2: Ball
2-2: Foul Ball, location: 2F
2-2: Ground out 4-3 (Groundball, 4S)
Batting: RHB Calvin Bennett 0-0: Ball
1-0: Called Strike
1-1: Reached on error, E5 (Groundball, 56)
Batting: LHB Derek Davidson 0-0: Ball
1-0: Swinging Strike
1-1: Foul Ball, location: 2F
1-2: Strikes out swinging
Top of the 5th over - 0 run(s), 0 hit(s), 1 error(s), 1 left on base; Springfield 2 - Kansas City 1
BOTTOM OF THE 5TH
Kansas City Kings batting - Pitching for Springfield Stars : LHP Brock Morris
Batting: LHB Bruno Lalonde 0-0: Called Strike
0-1: Ball
1-1: Ball
2-1: Ground out 6-3 (Groundball, 6)
Batting: LHB Ray Spencer 0-0: Ball
1-0: Fly out, F9 (Line Drive, 9S)
Batting: RHB Toshimichi Kono 0-0: Called Strike
0-1: SINGLE (Line Drive, 34D)
Batting: RHB Chris Chandler 0-0: Fly out, F8 (Flyball, 8LS)
Bottom of the 5th over - 0 run(s), 1 hit(s), 0 error(s), 1 left on base; Springfield 2 - Kansas City 1
TOP OF THE 6TH
Springfield Stars batting - Pitching for Kansas City Kings : LHP Francisco Morales
Batting: LHB Felipe Guerrero 0-0: Called Strike
0-1: Foul Ball, location: 2F
0-2: Strikes out swinging
Batting: LHB Elliott Newell 0-0: Ball
1-0: Ball
2-0: Ball
3-0: Called Strike
3-1: Called Strike
3-2: Fly out, F8 (Flyball, 89S)
Batting: SHB Shane Hutchinson 0-0: Ball
1-0: Called Strike
1-1: Foul Ball, location: 2F
1-2: Strikes out looking
Top of the 6th over - 0 run(s), 0 hit(s), 0 error(s), 0 left on base; Springfield 2 - Kansas City 1
BOTTOM OF THE 6TH
Kansas City Kings batting - Pitching for Springfield Stars : LHP Brock Morris
Batting: LHB Luis González 0-0: Ball
1-0: Fly out, F7 (Flyball, 78S)
Batting: RHB Dave Parker 0-0: Ball
1-0: Ball
2-0: Swinging Strike
2-1: Foul Ball, location: 2F
2-2: Foul Ball, location: 2F
2-2: Ground out 5-3 (Groundball, 56S)
Batting: SHB Douglas Taylor 0-0: Ball
1-0: Ball
2-0: Ball
3-0: Base on Balls
Batting: LHB Howard Lambert 0-0: Ground out 5-3 (Groundball, 56)
Bottom of the 6th over - 0 run(s), 0 hit(s), 0 error(s), 1 left on base; Springfield 2 - Kansas City 1
TOP OF THE 7TH
Springfield Stars batting - Pitching for Kansas City Kings : LHP Francisco Morales
Pitching: RHP Nariaki Tanaka
Batting: RHB Juan Carlos Rodríguez 0-0: Ball
1-0: Ground out 5-3 (Groundball, 56S)
Batting: LHB Ryan Drake 0-0: Ground out U3 (Groundball, 3)
Batting: LHB Jesús Tobías 0-0: Ball
1-0: Ball
2-0: Ball
3-0: Called Strike
3-1: Base on Balls
Batting: RHB Norberto Taváres 0-0: Called Strike
0-1: Foul Ball, location: 2F
0-2: Foul Ball, location: 2F
0-2: Ball
1-2: Ball
Jesús Tobías steals 2nd base
Pickoff Throw to Second - Error! E1
Jesús Tobías to third
2-2: Ball
3-2: Foul Ball, location: 2F
3-2: SINGLE (Line Drive, 78M)
Jesús Tobías scores
Batting: RHB Calvin Bennett 0-0: Called Strike
0-1: Ball
1-1: Ball
2-1: SINGLE (Line Drive, 9S)
Norberto Taváres to second
Batting: LHB Derek Davidson 0-0: Foul Ball, location: 2F
0-1: Ball
1-1: Swinging Strike
1-2: Ball
2-2: SINGLE (Groundball, 4MD)
Norberto Taváres to third
Calvin Bennett to second
Runner from 3rd tries for Home, SAFE, no throw
Pitching: RHP Ray Watkins
Batting: LHB Felipe Guerrero 0-0: Foul Ball, location: 2F
0-1: Ball
1-1: Ball
2-1: Ball
3-1: Foul Ball, location: 2F
3-2: Base on Balls
Calvin Bennett to third
Derek Davidson to second
Batting: LHB Elliott Newell 0-0: Foul Ball, location: 2F
0-1: SINGLE (Groundball, 4MD)
Calvin Bennett scores
Derek Davidson to third
Felipe Guerrero to second
Runner from 3rd tries for Home, SAFE, no throw
Batting: SHB Shane Hutchinson 0-0: Ball
1-0: Foul Ball, location: 2F
1-1: Foul Ball, location: 2F
1-2: Fly out, F8 (Flyball, 89M)
Top of the 7th over - 4 run(s), 4 hit(s), 1 error(s), 2 left on base; Springfield 6 - Kansas City 1
BOTTOM OF THE 7TH
Kansas City Kings batting - Pitching for Springfield Stars : LHP Brock Morris
Pitching: RHP George Lockhart
Batting: RHB Ronald Parsons 0-0: Ball
1-0: Called Strike
1-1: Called Strike
1-2: Foul Ball, location: 2F
1-2: Foul Ball, location: 2F
1-2: Ball
2-2: Ball
3-2: Base on Balls
Batting: LHB Bruno Lalonde 0-0: Ball
1-0: Ball
Ronald Parsons steals 2nd base
2-0: Ground out 6-3 (Groundball, 6)
Batting: LHB Ray Spencer 0-0: Ball
1-0: Ball
2-0: Ball
3-0: Base on Balls
Batting: RHB Toshimichi Kono 0-0: Foul Ball, location: 2F
0-1: Ball
1-1: Ball
Passed Ball!
Ronald Parsons to third
Ray Spencer to second
2-1: SINGLE (Line Drive, 6MD)
Ronald Parsons scores
Ray Spencer to third
Runner from 3rd tries for Home, SAFE, no throw
Pitching: RHP Luis Cortéz
Batting: RHB Chris Chandler 0-0: Ball
Toshimichi Kono steals 2nd base
1-0: Called Strike
1-1: Swinging Strike
1-2: Ball
2-2: Ground out 5-3 (Groundball, 5L)
Batting: LHB Luis González 0-0: Foul Ball, location: 2F
0-1: Ball
1-1: Foul Ball, location: 2F
1-2: Foul Ball, location: 2F
1-2: Fly out, F8 (Flyball, 8LD)
Bottom of the 7th over - 2 run(s), 1 hit(s), 0 error(s), 1 left on base; Springfield 6 - Kansas City 3
TOP OF THE 8TH
Springfield Stars batting - Pitching for Kansas City Kings : RHP Ray Watkins
Batting: RHB Juan Carlos Rodríguez 0-0: Ball
1-0: Foul Ball, location: 2F
1-1: Foul Ball, location: 2F
1-2: Ground out 6-3 (Groundball, 6)
Batting: LHB Ryan Drake 0-0: Ball
1-0: Ball
2-0: Called Strike
2-1: Foul Ball, location: 2F
2-2: Foul Ball, location: 2F
2-2: Fly out, F7 (Flyball, 7S)
Batting: LHB Jesús Tobías 0-0: Ball
1-0: Ball
2-0: Fly out, F8 (Line Drive, 8RM)
Top of the 8th over - 0 run(s), 0 hit(s), 0 error(s), 0 left on base; Springfield 6 - Kansas City 3
BOTTOM OF THE 8TH
Kansas City Kings batting - Pitching for Springfield Stars : RHP Luis Cortéz
Batting: RHB Dave Parker 0-0: Called Strike
0-1: Ball
1-1: Called Strike
1-2: Foul Ball, location: 2F
1-2: Ball
2-2: Strikes out swinging
Batting: SHB Douglas Taylor 0-0: Called Strike
0-1: Ball
1-1: Foul Ball, location: 2F
1-2: Ball
2-2: Strikes out swinging
Batting: LHB Howard Lambert 0-0: Fly out, F7 (Flyball, 7LM)
Bottom of the 8th over - 0 run(s), 0 hit(s), 0 error(s), 0 left on base; Springfield 6 - Kansas City 3
TOP OF THE 9TH
Springfield Stars batting - Pitching for Kansas City Kings : RHP Ray Watkins
Batting: RHB Norberto Taváres 0-0: Called Strike
0-1: Ball
1-1: Fly out, F6 (Line Drive, 6M)
Batting: RHB Calvin Bennett 0-0: Ball
1-0: Ball
2-0: Ball
3-0: Called Strike
3-1: Foul Ball, location: 2F
3-2: DOUBLE (Flyball, 8LD)
Batting: LHB Derek Davidson 0-0: Called Strike
0-1: Ball
1-1: Ball
2-1: Called Strike
2-2: Foul Ball, location: 2F
2-2: Foul Ball, location: 2F
2-2: Fly out, F9 (Flyball, 9S)
Batting: LHB Felipe Guerrero 0-0: Ball
1-0: Ground out 3-1 (Groundball, 3S)
Top of the 9th over - 0 run(s), 1 hit(s), 0 error(s), 1 left on base; Springfield 6 - Kansas City 3
BOTTOM OF THE 9TH
Kansas City Kings batting - Pitching for Springfield Stars : RHP Luis Cortéz
Pitching: RHP José Valdéz
Batting: RHB Ronald Parsons 0-0: Foul Ball, location: 2F
0-1: Foul Ball, location: 2F
0-2: Ball
1-2: Strikes out looking
Batting: LHB Bruno Lalonde 0-0: Ball
1-0: Foul Ball, location: 2F
1-1: Foul Ball, location: 2F
1-2: Ball
2-2: Foul Ball, location: 2F
2-2: Ball
3-2: Strikes out swinging
Batting: LHB Ray Spencer 0-0: Foul Ball, location: 2F
0-1: Reached on error, E4 (Groundball, 34)
Batting: RHB Toshimichi Kono 0-0: Called Strike
0-1: Ball
1-1: Foul Ball, location: 2F
1-2: Ground out 1-3 (Groundball, P)
Bottom of the 9th over - 0 run(s), 0 hit(s), 1 error(s), 1 left on base; Springfield 6 - Kansas City 3
Thursday, March 30th, 2017 - OOTP Baseball 17.12 Build 75